 Dungeon Crawl Stone Soup version 0.27-a0-1186-g8b4daa1eef (webtiles) character file.

Game seed: 8114227025667853280

164 kae the Chopper (level 5, -7/48 HPs)
             Began as a Hill Orc Fighter on May 19, 2021.
             Mangled by Edmund
             ... wielding a +3 dire flail of protection
              (8 damage)
             ... on level 5 of the Dungeon.
             The game lasted 00:01:26 (3303 turns).

kae the Chopper (Hill Orc Fighter)                  Turns: 3303, Time: 00:01:26

Health: -7/48      AC:  8    Str: 20    XL:     5   Next: 45%
Magic:  5/5        EV:  7    Int:  8    God:
Gold:   62         SH:  9    Dex: 10    Spells: 4/4 levels left

rFire    . . .     SeeInvis .   a - +3 war axe
rCold    . . .     Faith    .   c - +0 kite shield
rNeg     . . .     Spirit   .   b - +0 scale mail
rPois    .         Reflect  .   (no helmet)
rElec    .         Harm     .   (no cloak)
rCorr    .         Rampage  .   h - +0 pair of gloves
Will     .....                  (no boots)
Stlth    ..........             (no amulet)
HPRegen  0.16/turn              (no ring)
MPRegen  0.09/turn              (no ring)

@: no status effects
A: no striking features
a: no special abilities


You were on level 5 of the Dungeon.
You visited 1 branch of the dungeon, and saw 4 of its levels.

You collected 62 gold pieces.

Inventory:

Hand Weapons
 a - a +3 war axe (weapon)
Armour
 b - a +0 scale mail (worn)
 c - a +0 kite shield (worn)
 h - a +0 pair of gloves (worn)
Potions
 d - a potion of might
 e - a potion of berserk rage


   Skills:
 + Level 5.0 Fighting
 * Level 6.1 Axes
 - Level 3.2 Armour
 - Level 3.2 Shields


You had 4 spell levels left.
You didn't know any spells.
Your spell library contained the following spells:

 Spells                   Type           Power      Damage    Failure   Level
 Confusing Touch          Hex            0%         N/A       100%        3
 Gell's Gravitas          Tloc           0%         N/A       100%        3
 Petrify                  Tmut/Erth      0%         N/A       100%        4
 Metabolic Englaciation   Hex/Ice        0%         N/A       100%        5
 Yara's Violent Unravell  Hex/Tmut       0%         3d3       100%        5


Dungeon Overview and Level Annotations

Branches:
Dungeon (3/15)

Altars:
Cheibriados
Sif Muna
Xom
The Shining One

Annotations:
D:3 2 runed translucent doors, Ellipsis's ghost, amateur MiBe
D:5 Edmund; Ijyb


Message History

Edmund hits you with a +3 dire flail of protection.
Your shield prevents you from hitting Edmund.
Edmund barely misses you.
You hit Edmund.
Edmund is lightly wounded.
You block Edmund's attack. x2
You hit Edmund.
Edmund is moderately wounded.
You block Edmund's attack.
You slash Edmund!
Edmund is heavily wounded.
You block Edmund's attack. x2
You hit Edmund but do no damage.
Edmund is heavily wounded.
Edmund hits you with a +3 dire flail of protection.
You barely miss Edmund.
Edmund is heavily wounded.
Edmund hits you with a +3 dire flail of protection.
Your scale mail prevents you from hitting Edmund.
Edmund is heavily wounded.
Edmund hits you with a +3 dire flail of protection.
Edmund hits you with a +3 dire flail of protection!
You slash Edmund!
Edmund is severely wounded.
Edmund hits you with a +3 dire flail of protection!
* * * LOW HITPOINT WARNING * * *
You hit Edmund but do no damage.
Edmund is severely wounded.
Edmund hits you with a +3 dire flail of protection.
* * * LOW HITPOINT WARNING * * *
Edmund barely misses you.
You hit Edmund.
Edmund is severely wounded.
Edmund hits you with a +3 dire flail of protection.
* * * LOW HITPOINT WARNING * * *
Ijyb the Twisted Goblin comes into view.
She is wielding a +3 dagger of speed, wearing a +3 leather armour of willpower and carrying a wand of iceblast (12).
It was a potion of cancellation.
You feel magically purged.
Ijyb shouts!
You hear an angry hiss.
Edmund hits you with a +3 dire flail of protection!
You die...

#.#####........#.# #.#
#........#.# #.#
##.....#.#.# #'##
##...##.#.# ...##
###......# ....##
####.### .....## ##. #.#
......####...#.#######.#
......+.........@@......
......####...#.#######g#
.....## ##.##.# ...>##
## #.# ...## ..# #+##
###


You could see Edmund and Ijyb.

Vanquished Creatures
  An orc priest (D:5)
  2 orc wizards
  2 adders
  An ufetubus (D:5)
  2 worms (D:2)
  A dart slug (D:1)
  5 orcs
  3 endoplasms
  2 giant cockroaches
  3 goblins
  4 hobgoblins
  6 jackals
  2 quokkas
  3 ball pythons (D:1)
  2 bats
  2 frilled lizards
  6 kobolds
  3 rats
50 creatures vanquished.

Vanquished Creatures (others)
  2 hobgoblins (D:3)
2 creatures vanquished.

Grand Total: 52 creatures vanquished

Notes
Turn   | Place    | Note
-------+----------+-------------------------------------------
     0 | D:1      | kae the Hill Orc Fighter began the quest for the Orb.
     0 | D:1      | Reached XP level 1. HP: 19/19 MP: 1/1
   272 | D:1      | Reached skill level 3 in Axes
   298 | D:1      | Reached XP level 2. HP: 25/27 MP: 2/2
  1020 | D:1      | Reached skill level 4 in Axes
  1023 | D:1      | Reached XP level 3. HP: 33/33 MP: 3/3
  2482 | D:2      | Reached XP level 4. HP: 41/41 MP: 4/4
  2550 | D:3      | Found a shimmering altar of Xom.
  2737 | D:3      | Found a faded altar of an unknown god.
  2865 | D:3      | Reached skill level 5 in Axes
  3158 | D:3      | Noticed Ellipsis's ghost (amateur MiBe)
  3159 | D:3      | Found a large runed translucent door.
  3159 | D:3      | Found a large runed translucent door.
  3187 | D:3      | You fall into a shaft and drop 2 floors!
  3187 | D:5      | Entered Level 5 of the Dungeon
  3202 | D:5      | Found a glowing golden altar of the Shining One.
  3202 | D:5      | Found a snail-covered altar of Cheibriados.
  3202 | D:5      | Found a shimmering blue altar of Sif Muna.
  3215 | D:5      | Reached XP level 5. HP: 40/47 MP: 5/5
  3220 | D:5      | Reached skill level 5 in Fighting
  3220 | D:5      | Reached skill level 6 in Axes
  3283 | D:5      | Noticed Edmund
  3302 | D:5      | HP: 1/48 [Edmund/+3 dire flail of protection (3)]
  3302 | D:5      | Noticed Ijyb
  3303 | D:5      | Mangled by Edmund

Illustrated notes

Levels and vault maps discovered:
D:1:      lemuel_arrival_funnel, layout_basic, serial_co_window_serial,
          co_window_of_opportunity_a, co_window_paths_a, co_window_paths_b,
          co_window_paths_a, co_window_of_opportunity_a,
          co_window_of_opportunity_a, co_window_cross_1,
          co_window_unsneaky_path_c, co_window_cross_4, co_window_corner_b,
          co_window_corner_b, co_window_2corner, co_window_of_opportunity_c,
          glass_columns_b, glass_columns_c, glass_columns_b, glass_columns_a
D:2:      layout_basic, moated_statue, minmay_statues_item, grunt_ministairs_9
D:3:      layout_loops_ring, amcnicky_altar_gilded,
          shapermc_ecumenical_altar_mp_urbaneastern,
          ebering_ghost_disaster_area, minivault_24, serial_park_tiny_pond,
          minmay_misc_feat_rugged, st_stairs_9, small_statue_alley_b,
          lemuel_flame_loot_1, uniq_jessica
D:5:      layout_loops_corners, chequers_temple_overflow_statue_of_worship,
          grunt_tough_drop, uniq_ijyb, uniq_edmund

Skill      XL: |  1  2  3  4  5 |
---------------+----------------+-----
Axes           | 3 4 5 6 |  6.1
Fighting       | 4 5 |  5.0
Armour         | |  3.2
Shields        | |  3.2

Action                   |  1- 3 |  4- 6 || total
-------------------------+-------+-------++-------
Melee: War axe           |   105 |    53 ||   158
  Use: Scroll            |     4 |     5 ||     9
       Potion            |       |     1 ||     1
Armor: Scale mail        |    56 |    16 ||    72
Dodge: Dodged            |    23 |    13 ||    36
Block: Kite shield       |    58 |    29 ||    87

Table legend: (Time is in decaauts)
 A = Elapsed time spent in this place.
 B = Non-inter-level travel time spent in this place.
 C = Inter-level travel time spent in this place.
 D = Time resting spent in this place.
 E = Time spent auto-exploring this place.
 F = Levels seen in this place.
 G = Mean time per level.
                   A        B        C        D        E       F      G
               +--------+--------+--------+--------+--------+-----+--------+
         Total |   3383 |   3271 |    112 |    419 |   2436 |   4 |  845.8 |
       Dungeon |   3383 |   3271 |    112 |    419 |   2436 |   4 |  845.8 |
               +--------+--------+--------+--------+--------+-----+--------+

Top non-repeatable levels by time:
     D:1: 1713 daAuts
     D:2: 889 daAuts
     D:3: 650 daAuts
     D:5: 128 daAuts
